 Seeded DCSS version 0.27.1-35-g4d5d836560 (webtiles) character file.

Game seed: 3415492841104914487 (custom seed)

128 cbfl8 the Sneak (level 4, 0/40 HPs)
             Began as a Minotaur Delver on Mar 26, 2022.
             Was a Follower of Yredelemnul.
             Succumbed to a scorpion's poison
             ... on level 3 of the Dungeon.
             The game lasted 00:06:00 (2591 turns).

cbfl8 the Sneak (Minotaur Delver)                   Turns: 2591, Time: 00:06:00

Health: 0/40       AC:  3    Str: 18    XL:     4   Next: 86%
Magic:  3/3        EV: 12    Int:  7    God:    Yredelemnul [*.....]
Gold:   151        SH:  0    Dex: 11    Spells: 3/3 levels left

rFire    . . .     SeeInvis .   h - +0 spear (vorpal)
rCold    . . .     Faith    .   (no shield)
rNeg     . . .     Spirit   .   b - +0 leather armour
rPois    .         Reflect  .   (helmet restricted)
rElec    .         Harm     .   (no cloak)
rCorr    .         Rampage  .   (no gloves)
Will     .....                  (no boots)
Stlth    ++........             (no amulet)
HPRegen  0.13/turn              (no ring)
MPRegen  0.08/turn              (no ring)

@: lethally poisoned (0 -> -9)
A: horns 2, retaliatory headbutt
a: Renounce Religion, Animate Remains


You were on level 3 of the Dungeon.
You worshipped Yredelemnul.
Yredelemnul was aware of your devotion.
You visited 1 branch of the dungeon, and saw 5 of its levels.

You collected 151 gold pieces.

Inventory:

Hand Weapons
 a - a +0 hand axe
 h - a +0 vorpal spear (weapon)
Armour
 b - a +0 leather armour (worn)
Wands
 g - a wand of digging (3)
 i - a wand of iceblast (4)
Scrolls
 c - a scroll of fog
 d - 2 scrolls of magic mapping
 k - a scroll of blinking {unknown}
 l - 4 scrolls of teleportation {unknown}
 n - a scroll of enchant weapon {unknown}
 o - 2 scrolls of vulnerability {unknown}
 p - a scroll of immolation {unknown}
 r - a scroll of enchant armour {unknown}
Potions
 f - 3 potions of haste
 j - a potion of curing {unknown}
 m - a potion of brilliance {unknown}
 q - a potion of cancellation {unknown}


   Skills:
 + Level 3.8 Fighting
 + Level 2.5(3.1) Axes
 + Level 2.7(3.2) Polearms
 + Level 1.8 Armour
 + Level 2.5 Dodging
 + Level 5.0 Stealth


You had 3 spell levels left.
You didn't know any spells.
Your spell library contained the following spells:

 Spells                   Type           Power      Damage    Failure   Level
 Summon Small Mammal      Summ           0%         N/A       50%         1
 Call Canine Familiar     Summ           0%         N/A       86%         3
 Summon Guardian Golem    Hex/Summ       0%         N/A       86%         3


Dungeon Overview and Level Annotations

Branches:
Dungeon (5/15)
 Temple: D:4-7

Altars:
Trog
Yredelemnul

Shops:
D:2 *

Annotations:
D:3 Sigmund
D:4 Menkaure


Innate Abilities, Weirdness & Mutations

You have a pair of horns on your head.
You reflexively headbutt those who attack you in melee.


Message History

The scorpion poisons you!
A hound comes into view.
The phantom hits you!
The phantom blinks!
You blink.
Found a scale mail.
Found a stone staircase leading up.
Okay, then.
Okay, then.
Found an ivory wand.
You feel sick.
The giant cockroach completely misses you.
The hound barks!
You hit the giant cockroach.
You kill the giant cockroach!
Yredelemnul accepts your kill.
You feel sick.
The goblin shouts!
You hear an angry hiss.
Found a bubbling blue potion.
You feel sick. The hound closely misses you. You furiously retaliate!
You headbutt the hound!
A ball python comes into view.
Found a scroll labelled DOUWAE WOAJU.
You feel sick.
The ball python hisses angrily.
The hound closely misses you. You furiously retaliate!
You headbutt the hound.
You kill the hound!
Yredelemnul accepts your kill.
The phantom hits you but does no damage.
Your Stealth skill increases to level 5!
You feel sick. The scorpion stings you.
You are lethally poisoned!
The scorpion poisons you!
* * * LOW HITPOINT WARNING * * *
You feel very sick.
There is a stone staircase leading up here.
* * * LOW HITPOINT WARNING * * *
You feel very sick. The ball python bites you.
* * * LOW HITPOINT WARNING * * *
The ball python closely misses you.
The scorpion stings you but does no damage.
You climb upwards.
Level annotation: Sigmund You die...
Your body rises from the dead as a mindless zombie.

.######...###.#...........#
##..# #.#####.......# #..#
#.# #.......# ##.###.#
#.......# #..##.# #########
###.....# #......###.####
##.......S....###
###...##.@s....#
##..###.#....#
#....#.###### #....#.#
###....# ##...# #...###
.###### #.....#
.......###(....#


You could see a scorpion and a ball python.

Vanquished Creatures
  A hound (D:4)
  Jessica (D:3)
  An adder (D:2)
  2 dart slugs
  An orc (D:3)
  5 ball pythons
  An endoplasm (D:1)
  4 giant cockroaches
  4 goblins
  6 hobgoblins
  7 jackals
  A quokka (D:2)
  6 bats
  A frilled lizard (D:1)
  7 kobolds
  5 rats
53 creatures vanquished.

Notes
Turn   | Place    | Note
-------+----------+-------------------------------------------
     0 | D:5      | cbfl8 the Minotaur Delver began the quest for the Orb.
     0 | D:5      | Reached XP level 1. HP: 19/19 MP: 0/0
    35 | D:5      | Found a basalt altar of Yredelemnul.
    43 | D:5      | Became a worshipper of Yredelemnul the Dark
   291 | D:4      | Noticed Menkaure
   291 | D:4      | Noticed a scorpion
   390 | D:3      | Noticed Jessica
   526 | D:2      | Found Caes's Assorted Antiques.
   537 | D:2      | Reached XP level 2. HP: 26/26 MP: 1/1
   883 | D:1      | Reached XP level 3. HP: 33/33 MP: 2/2
  1033 | D:1      | Reached skill level 1 in Polearms
  1430 | D:1      | Found a faded altar of an unknown god.
  1651 | D:2      | Reached * piety under Yredelemnul
  1653 | D:2      | Found a bloodstained altar of Trog.
  2142 | D:2      | Reached XP level 4. HP: 40/40 MP: 3/3
  2246 | D:3      | Killed Jessica
  2247 | D:3      | Reached skill level 1 in Armour
  2267 | D:3      | Noticed Sigmund
  2569 | D:4      | Noticed a phantom
  2580 | D:4      | Noticed a scorpion
  2588 | D:4      | Reached skill level 5 in Stealth
  2591 | D:3      | Succumbed to a scorpion's poison

Illustrated notes

Levels and vault maps discovered:
D:1:      psy_arrival_statuary, layout_loops_ring, basic_ecumenical_altar,
          minmay_misc_feat_chi, item_on_display_a
D:2:      layout_loops_ring, serial_shops, nicolae_shop_stone, basic_altar
D:3:      layout_rooms, mainiacjoe_overflow_surrounded_room,
          nemelex_dance_club_becter, uniq_sigmund, uniq_ijyb, uniq_jessica
D:4:      layout_layer_cave, uniq_edmund, uniq_menkaure
D:5:      layout_loops_cross, old_standard_altar, minmay_chambers_of_fives

Skill      XL: |  1  2  3  4 |
---------------+-------------+-----
Polearms       | 2 |  2.7
Armour         | 1 |  1.8
Stealth        | 5 |  5.0
Fighting       | |  3.8
Axes           | |  2.5
Dodging        | |  2.5

Action                   |  1- 3 |  4- 6 || total
-------------------------+-------+-------++-------
Melee: Spear             |   100 |    12 ||   112
       Headbutt          |     9 |     4 ||    13
  Use: Scroll            |       |     1 ||     1
 Stab: Sleeping          |    11 |     2 ||    13
Armor: Leather armour    |    27 |     4 ||    31
Dodge: Dodged            |    67 |    12 ||    79
